 Dungeon Crawl Stone Soup version 0.30-a0-424-g7412bad402 (webtiles) character file.

Game seed: 6301795288716903203

1127 tilp the Grave Robber (level 8, -1/61 HPs)
             Began as a Mummy Necromancer on Dec 9, 2022.
             Slain by an orc wizard
             ... wielding a +0 dagger
              (3 damage)
             ... on level 5 of the Dungeon.
             The game lasted 00:07:52 (3758 turns).

tilp the Grave Robber (Mummy Necromancer)           Turns: 3758, Time: 00:07:53

Health: -1/61      AC:  7    Str: 13    XL:     8   Next: 13%
Magic:  1/25       EV: 12    Int: 17    God:
Gold:   170        SH:  0    Dex: 15    Spells: 13/17 levels left

rFire   x . .      SeeInvis .    a - +0 flail (vorpal)
rCold   + . .      Faith    +    (no shield)
rNeg    + + +      Spirit   .    e - +0 robe
rPois   ∞          Reflect  .    (no helmet)
rElec   .          Harm     .    d - +0 cloak
rCorr   .          Rampage  .    l - +0 pair of fencer's gloves {Riposte Dex+3}
Will    +....                    y - +2 pair of boots "Mygog" {Fly Str+2 Stlth+}
Stlth   +++.......               f - amulet of magic regeneration
HPRegen 0.30/turn                i - ring of magical power
MPRegen 0.59/turn                j - ring of flight

@: flying
A: cold resistance 1, negative energy resistance 3, torment resistance 2, heat
vulnerability 1, in touch with death 1, no potions, faith
a: no special abilities


You were on level 5 of the Dungeon.
You visited 1 branch of the dungeon, and saw 5 of its levels.
You also visited: Sewer.

You collected 170 gold pieces.

Inventory:

Hand Weapons
 a - a +0 vorpal flail (weapon)
 b - the +6 sling of Midwinter {drain, rElec rC+ Int+2}
   (You found it in a sewer)

   A truly terrible weapon, it drains the life of any living foe it strikes.
   Int:       It affects your intelligence (+2).
   rC:        It protects you from cold.
   rElec:     It insulates you from electricity.
 m - a +0 dagger of speed
 t - the +1 hand axe "Ikkiv" {freeze, Fly}
   (You found it on level 5 of the Dungeon)

   It freezes those it strikes, dealing additional cold damage.
   It can also slow down cold-blooded creatures.
   Fly:       It grants you flight.
 v - a +0 mace
Missiles
 c - 32 stones (quivered)
 g - 4 atropa-tipped darts
 s - 24 poisoned darts
 x - 2 curare-tipped darts
Armour
 d - a +0 cloak (worn)
 e - a +0 robe (worn)
 l - the +0 pair of fencer's gloves (worn) {Riposte Dex+3}
   (You acquired it in a sewer)

   It allows the wearer to riposte with melee weapons, swiftly retaliating
   against missed or blocked melee attacks.
   Dex:       It affects your dexterity (+3).
 y - the +2 pair of boots "Mygog" (worn) {Fly Str+2 Stlth+}
   (You acquired it in a sewer)

   Str:       It affects your strength (+2).
   Fly:       It grants you flight.
   Stlth:     It makes you more stealthy.
Magical Staves
 o - a staff of conjuration
 p - a staff of air
Jewellery
 f - an amulet of magic regeneration (around neck)
 i - a ring of magical power (left hand)
 j - a ring of flight (right hand)
 q - a ring of wizardry
Scrolls
 h - 2 scrolls of teleportation
 k - 3 scrolls of fear
 n - a scroll of identify
 r - a scroll of enchant weapon
 u - a scroll of brand weapon
 w - a scroll of amnesia
 z - a scroll of silence {unknown}


   Skills:
 + Level 4.3 Fighting
 + Level 2.5 Maces & Flails
 + Level 1.1 Armour
 + Level 2.4 Dodging
 - Level 3.0 Stealth
 + Level 5.4 Spellcasting
 * Level 6.5 Necromancy


You had 13 spell levels left.
You knew the following spells:

 Your Spells              Type           Power      Damage    Failure   Level
a - Necrotise             Necr           100%       1d9       1%          1
b - Vampiric Draining     Necr           40%        2d8       2%          3

Your spell library contained the following spells:

 Spells                   Type           Power      Damage    Failure   Level
 Kiss of Death            Conj/Necr      92%        2d12      3%          1
 Animate Dead             Necr           40%        N/A       10%         4
 Shock                    Conj/Air       16%        1d4       14%         1
 Agony                    Necr           40%        N/A       26%         5


Dungeon Overview and Level Annotations

Branches:
Dungeon (5/15)              Sewer (visited)
 Temple: D:4-7

Altars:
Ashenzari
Gozag
Nemelex Xobeh
Qazlal
Sif Muna
Trog

Shops:
D:3 !


Innate Abilities, Weirdness & Mutations

You are immune to poison.
Your flesh is cold resistant. (rC+)
You are immune to negative energy. (rN+++)
You are immune to unholy pain and torment.
You are vulnerable to heat. (rF-)
You are in touch with the powers of death.
You do not drink.
You have a special connection with the divine. (Faith)


Message History

The orc priest hits you but does no damage.
The orc wizard closely misses you.
The orc priest calls down the wrath of Beogh upon you.
Beogh smites you!
* * * LOW HITPOINT WARNING * * *
Unknown command.
Unknown command.
Casting: Vampiric Draining (dangerous; 2% risk of failure)
Confirm with . or Enter, or press ? or * to list all spells.
Aiming: Vampiric Draining (dangerous; 2% risk of failure)
Press: ? - help, Shift-Dir - straight line, f/p - orc priest
Aim: an orc priest, wielding a +0 whip (heavily wounded)
You feel a surge of power!
You draw life force from the orc priest!
You feel life coursing into your body. The orc priest barely misses you.
The orc wizard gestures at you while chanting.
The puff of flame misses you.
The orc priest calls down the wrath of Beogh upon you.
Beogh smites you!
* * * LOW HITPOINT WARNING * * *
Unknown command.
Unknown command.
Unknown command.
Casting: Vampiric Draining (dangerous; 2% risk of failure)
Confirm with . or Enter, or press ? or * to list all spells.
Aiming: Vampiric Draining (dangerous; 2% risk of failure)
Press: ? - help, Shift-Dir - straight line, f/p - orc priest
Aim: an orc priest, wielding a +0 whip (almost dead)
You feel a surge of power!
You draw life force from the orc priest.
You kill the orc priest!
You feel life coursing into your body.
The orc priest hits you with a +0 hand axe.
* * * LOW HITPOINT WARNING * * *
The orc wizard misses you.
Unknown command.
Unknown command.
The orc wizard attacks as you move away!
The orc wizard hits you with a +0 dagger.
You die...

#+. ##..## ### .....###.##
#..##.....#####
#.#.#.#.#.......##
.................#
.#.#.#.#.#o...[...###
......)..o@....##.!.##
.#.#.#)#.#{.#..#.....####
...>....#.##........#
#.#.#.#..#.#.........##
.................#.....#
#.#.#.#.#..###....#.....#
.................####..##
.###.#.#.#.#.#.##........##...#
..#....... ##.#.....##......###


You could see an orc priest and an orc wizard.

Vanquished Creatures
  An orc warrior (D:4)
  An ogre (D:5)
  A black bear (D:4)
  3 kobold brigands
  3 scorpions
  3 hounds
  An orc priest (D:5)
  2 iguanas (D:5)
  2 orc wizards
  4 river rats (Sewer)
  11 adders
  A worm (D:2)
  2 dart slugs
  6 orcs
  9 ball pythons
  5 bats
  6 endoplasms
  7 giant cockroaches
  4 hobgoblins
  17 kobolds
  4 quokkas
  4 frilled lizards
  5 goblins
  21 rats
123 creatures vanquished.

Vanquished Creatures (collateral kills)
  A gnoll (D:1)
  A ball python (D:1)
  A giant cockroach (D:2)
  A kobold (D:1)
4 creatures vanquished.

Grand Total: 127 creatures vanquished

Notes
Turn   | Place    | Note
-------+----------+-------------------------------------------
     0 | D:1      | tilp the Mummy Necromancer began the quest for the Orb.
     0 | D:1      | Reached XP level 1. HP: 13/13 MP: 4/4
   249 | D:1      | Reached skill level 1 in Fighting
   249 | D:1      | Reached XP level 2. HP: 7/21 MP: 0/5
   784 | D:1      | Gained mutation: You are in touch with the powers of death.
                  | [Mummy growth]
   784 | D:1      | Reached XP level 3. HP: 26/26 MP: 5/7
  1104 | D:2      | Reached XP level 4. HP: 33/33 MP: 8/8
  1169 | D:2      | Found a stormy altar of Qazlal.
  1395 | D:3      | Found a broken altar of Ashenzari.
  1521 | D:3      | Found an opulent altar of Gozag.
  1770 | D:3      | Reached XP level 5. HP: 38/38 MP: 10/10
  1814 | D:3      | Found Kimiafub's Distillery.
  2199 | D:4      | Reached skill level 5 in Necromancy
  2295 | D:4      | Learned a level 3 spell: Vampiric Draining
  2481 | D:4      | Noticed a black bear
  2487 | D:4      | Killed a black bear
  2488 | D:4      | Reached skill level 1 in Maces & Flails
  2488 | D:4      | Reached XP level 6. HP: 46/46 MP: 11/11
  2602 | D:4      | Found a sparkling altar of Nemelex Xobeh.
  2643 | D:4      | Found a shimmering blue altar of Sif Muna.
  2679 | D:4      | Got Sif Muna's Papyrus of the Salvo and the Brume
  2684 | D:4      | Found a bloodstained altar of Trog.
  2684 | D:4      | Noticed an orc warrior
  2691 | D:4      | Killed an orc warrior
  2898 | D:5      | Entered Level 5 of the Dungeon
  2907 | D:5      | Reached XP level 7. HP: 44/52 MP: 13/13
  2976 | D:5      | Reached skill level 6 in Necromancy
  3004 | D:5      | Reached skill level 5 in Spellcasting
  3006 | D:5      | Identified the +1 hand axe "Ikkiv" {freeze, Fly}
  3017 | D:5      | Found a glowing drain.
  3038 | Sewer    | Entered a sewer
  3369 | Sewer    | Identified the +6 sling of Midwinter {drain, rElec rC+
                  | Int+2}
  3602 | Sewer    | Identified 2 scrolls of acquirement
  3629 | Sewer    | Acquired the +2 pair of boots "Mygog" {Fly Str+2 Stlth+}
  3636 | Sewer    | Acquired the +0 pair of fencer's gloves {Riposte Dex+3}
  3636 | Sewer    | Found the +0 pair of fencer's gloves {Riposte Dex+3}
  3683 | D:5      | Reached XP level 8. HP: 60/60 MP: 15/15
  3745 | D:5      | Reached skill level 1 in Armour
  3756 | D:5      | HP: 1/61 [orc priest/divine providence (11)]
  3758 | D:5      | Slain by an orc wizard

Illustrated notes

Levels and vault maps discovered:
D:1:      saegor_arrival_simple_e, layout_loops_ring, kennysheep_minor_cross,
          minmay_octomino_j4
D:2:      layout_rooms, basic_altar
D:3:      layout_rooms, grunt_gozag_breadcrumbs, evilmike_ruin_ashenzari,
          serial_shops, nicolae_shop_waterfront, roderic_serpentine_path
D:4:      layout_loops_ring, nzn_overflow_gifts_of_might_and_magic,
          mainiacjoe_overflow_swirl
D:5:      layout_cave_pools, minmay_temple_entry_glassed_door,
          portal_sewer_entry_f, st_stairs_10, roderic_st_hans_cross,
          minmay_misc_feat_four_crosses

Skill      XL: |  1  2  3  4  5  6  7  8 |
---------------+-------------------------+-----
Fighting       | 1 2 3 4 |  4.3
Stealth        | 2 3 |  3.0
Spellcasting   | 3 4 5 |  5.4
Dodging        | 2 |  2.4
Necromancy     | 5 6 |  6.5
Maces & Flails | 1 2 |  2.5
Armour         | 1 |  1.1

Action                   |  1- 3 |  4- 6 |  7- 9 || total
-------------------------+-------+-------+-------++-------
Melee: Unarmed           |     3 |       |       ||     3
       Dagger            |     5 |     1 |       ||     6
       Flail             |       |    23 |    55 ||    78
       Punch             |       |       |     2 ||     2
Throw: Stone             |       |     3 |     1 ||     4
 Cast: Necrotise         |    61 |    60 |    19 ||   140
       Vampiric Draining |       |     9 |    51 ||    60
  Use: Scroll            |     2 |     3 |     6 ||    11
 Stab: Distracted        |       |     1 |       ||     1
       Sleeping          |       |     2 |     1 ||     3
Armor: Robe              |     3 |    10 |    28 ||    41
Dodge: Dodged            |    12 |    28 |    89 ||   129
       Rpst.: Flail      |       |       |     2 ||     2

Table legend: (Time is in decaauts)
 A = Elapsed time spent in this place.
 B = Non-inter-level travel time spent in this place.
 C = Inter-level travel time spent in this place.
 D = Time resting spent in this place.
 E = Time spent auto-exploring this place.
 F = Levels seen in this place.
 G = Mean time per level.
                   A        B        C        D        E       F      G
               +--------+--------+--------+--------+--------+-----+--------+
         Total |   3776 |   3735 |     41 |    174 |   2715 |   6 |  629.3 |
       Dungeon |   3134 |   3093 |     41 |    174 |   2321 |   5 |  626.8 |
         Sewer |    641 |    641 |      0 |      0 |    394 |   1 |  641.0 |
               +--------+--------+--------+--------+--------+-----+--------+

Top non-repeatable levels by time:
     D:4: 929 daAuts
     D:1: 883 daAuts
     D:3: 678 daAuts
   Sewer: 641 daAuts
     D:2: 432 daAuts
     D:5: 211 daAuts
